 Dungeon Crawl Stone Soup version 0.27-a0-607-g1ad3dbde53 (webtiles) character file.

Game seed: 14726561478571541187

477 Gildeon the Poker (level 7, -1/53 HPs)
             Began as a Formicid Fighter on Mar 13, 2021.
             Was an Initiate of Ashenzari.
             Slain by a gnoll
             ... wielding a +0 spear of flaming
              (4 damage)
             ... on level 4 of the Dungeon.
             The game lasted 00:09:14 (4140 turns).

Gildeon the Poker (Formicid Fighter)                Turns: 4140, Time: 00:09:15

Health: -1/53      AC:  6    Str: 22    XL:     7   Next: 33%
Magic:  7/7        EV:  8    Int:  8    God:    Ashenzari [......]
Gold:   222        SH:  9    Dex: 10    Spells: 6/6 levels left

rFire    . . .     SeeInvis +   a - +0 trident
rCold    . . .     Faith    .   c - +0 kite shield
rNeg     . . .     Spirit   .   b - +0 scale mail
rPois    .         Reflect  .   (helmet unavailable)
rElec    .         Harm     .   (no cloak)
rCorr    .         Rampage  .   (no gloves)
Will     .....                  (no boots)
Stlth    ..........             (no amulet)
HPRegen  0.17/turn              (no ring)
MPRegen  0.10/turn              (no ring)

@: no status effects
A: permanent stasis, dig shafts and tunnels, antennae 3, four strong arms
a: Dig, Shaft Self, Renounce Religion, Curse Item


You were on level 4 of the Dungeon.
You worshipped Ashenzari.
Ashenzari was noncommittal.
You visited 2 branches of the dungeon, and saw 5 of its levels.

You collected 222 gold pieces.

Inventory:

Hand Weapons
 a - a +0 trident (weapon)
 p - a +0 whip of venom
Armour
 b - a +0 scale mail (worn)
 c - a +0 kite shield (worn)
Scrolls
 j - 2 scrolls of magic mapping
 l - 2 scrolls of fear
 n - a scroll of amnesia
Potions
 d - a potion of might
 e - 2 potions of curing
 g - 2 potions of mutation
 h - 3 potions of flight
 i - a potion of brilliance
 k - a potion of ambrosia
 m - a potion of attraction
 o - a potion of magic


   Skills:
 + Level 3.8 Fighting
 + Level 7.3 Polearms
 - Level 3.2 Armour
 - Level 3.6 Shields


You had 6 spell levels left.
You didn't know any spells.
Your spell library was empty.

Dungeon Overview and Level Annotations

Branches:
Dungeon (4/15)             Temple (1/1) D:4

Altars:
Ashenzari
Cheibriados
Elyvilon
Fedhas
Gozag
Hepliaklqana
Kikubaaqudgha
Okawaru
Sif Muna
Trog
Uskayaw
Vehumet
Wu Jian
Xom
Yredelemnul
The Shining One


Innate Abilities, Weirdness & Mutations

You cannot be hasted, slowed, berserked, paralysed or teleported.
You can dig through walls and to a lower floor.
You have a pair of large antennae on your head. (SInv)
Your four strong arms can wield two-handed weapons with a shield.


Message History

You barely miss the orc wizard.
The orc wizard is moderately wounded.
The orc wizard gestures at you while chanting.
The magic dart hits you.
* * * LOW HITPOINT WARNING * * *
The gnoll hits you but does no damage.
You hit the orc wizard.
The orc wizard is severely wounded.
You block the orc wizard's attack. You block the gnoll's attack.
You hit the orc wizard but do no damage.
The orc wizard is severely wounded.
You block the orc wizard's attack.
The gnoll hits you from afar with a +0 spear of flaming.
* * * LOW HITPOINT WARNING * * *
The gnoll burns you.
* * * LOW HITPOINT WARNING * * *
You closely miss the orc wizard.
The orc wizard is severely wounded.
The orc wizard casts a spell at you. The puff of flame hits you.
* * * LOW HITPOINT WARNING * * *
The gnoll hits you but does no damage.
The orc wizard hits you with a +0 dagger.
* * * LOW HITPOINT WARNING * * *
You feel better.
The gnoll hits you from afar with a +0 spear of flaming.
* * * LOW HITPOINT WARNING * * *
The gnoll burns you.
* * * LOW HITPOINT WARNING * * *
The orc wizard hits you but does no damage.
You hit the orc wizard.
The orc wizard is severely wounded.
The gnoll hits you but does no damage.
The orc wizard hits you but does no damage.
You completely miss the orc wizard.
The orc wizard is severely wounded.
The gnoll hits you from afar with a +0 spear of flaming!
* * * LOW HITPOINT WARNING * * *
The gnoll burns you.
You die...

#.....##.##.##.#
###.####.......# #.#
####.#### #.#######.#
#.......#.# ####
#######.#.# #.?
...####.#.# #.#
..........#####.#####.#
..........#..@oo.......
............###g#####.#
...........[#.# #.#
....###...##.# #g.
#...# ##.###.######
#...########.>....#
#...#.....<.##
#...#.#####.#####.#
###...#.##..........#


You could see an orc wizard, a gnoll and an orc.

Vanquished Creatures
  5 orc priests (D:4)
  A bullfrog skeleton (D:3)
  An orc wizard (D:4)
  Natasha (thrice) (D:3)
  A worker ant (D:2)
  3 gnolls (D:4)
  4 adders
  An ooze (D:1)
  2 worms
  4 dart slugs
  4 leopard geckos
  4 orcs (D:4)
  3 giant cockroaches
  11 goblins
  8 hobgoblins
  15 jackals
  2 ball pythons
  7 bats
  4 frilled lizards
  8 kobolds
  12 rats
103 creatures vanquished.

Notes
Turn   | Place    | Note
-------+----------+-------------------------------------------
     0 | D:1      | Gildeon the Formicid Fighter began the quest for the Orb.
     0 | D:1      | Reached XP level 1. HP: 18/18 MP: 1/1
    71 | D:1      | Reached XP level 2. HP: 15/24 MP: 2/2
   423 | D:1      | Reached skill level 3 in Polearms
   543 | D:1      | Reached XP level 3. HP: 29/29 MP: 3/3
   871 | D:1      | Reached skill level 4 in Polearms
   871 | D:1      | Reached XP level 4. HP: 34/35 MP: 4/4
  1673 | D:2      | Reached XP level 5. HP: 39/41 MP: 5/5
  1948 | D:3      | Reached skill level 5 in Polearms
  2101 | D:3      | Found a broken altar of Ashenzari.
  2123 | D:3      | Became a worshipper of Ashenzari the Shackled
  2286 | D:3      | Noticed Natasha
  2298 | D:3      | Killed Natasha
  2525 | D:3      | Noticed Natasha
  2546 | D:3      | Killed Natasha
  2547 | D:3      | Reached XP level 6. HP: 21/47 MP: 6/6
  2777 | D:3      | Found an ornate altar of the Wu Jian Council.
  2994 | D:3      | Noticed Natasha
  3007 | D:3      | Killed Natasha
  3008 | D:3      | Reached skill level 6 in Polearms
  3120 | D:3      | Found an iron altar of Okawaru.
  3478 | D:4      | Found a staircase to the Ecumenical Temple.
  3508 | Temple   | Entered the Ecumenical Temple
  3907 | D:4      | HP: 1/47 [orc priest/divine providence (7)]
  3911 | D:4      | Reached skill level 7 in Polearms
  3911 | D:4      | Reached XP level 7. HP: 38/52 MP: 7/7
  4140 | D:4      | Slain by a gnoll

Illustrated notes

Levels and vault maps discovered:
D:1:      lemuel_arrival_behind_the_door_large, layout_basic
D:2:      layout_rooms
D:3:      layout_loops_ring, okawaru_metal_pillars_1_2,
          nicolae_wu_jian_immortal_techniques, cheibrodos_ashenzari_chains,
          uniq_natasha
D:4:      layout_loops_cross, minmay_temple_entry_trees, uniq_sigmund
Temple:   oiseaux_autumnal_temple

Skill      XL: |  1  2  3  4  5  6 |
---------------+-------------------+-----
Polearms       | 3 4 5 7 |  7.3
Fighting       | |  3.8
Armour         | |  3.2
Shields        | |  3.6

Action                   |  1- 3 |  4- 6 |  7- 9 || total
-------------------------+-------+-------+-------++-------
Melee: Trident           |   126 |   249 |    30 ||   405
  Use: Potion            |       |     1 |     1 ||     2
Armor: Scale mail        |    49 |    99 |    14 ||   162
Dodge: Dodged            |    56 |    83 |    14 ||   153
Block: Kite shield       |    76 |   113 |    16 ||   205

Table legend: (Time is in decaauts)
 A = Elapsed time spent in this place.
 B = Non-inter-level travel time spent in this place.
 C = Inter-level travel time spent in this place.
 D = Time resting spent in this place.
 E = Time spent auto-exploring this place.
 F = Levels seen in this place.
 G = Mean time per level.
                   A        B        C        D        E       F      G
               +--------+--------+--------+--------+--------+-----+--------+
         Total |   4243 |   4169 |     74 |      0 |   3258 |   5 |  848.6 |
       Dungeon |   3883 |   3820 |     63 |      0 |   2910 |   4 |  970.8 |
        Temple |    359 |    348 |     11 |      0 |    348 |   1 |  359.0 |
               +--------+--------+--------+--------+--------+-----+--------+

Top non-repeatable levels by time:
     D:3: 1463 daAuts
     D:1: 1192 daAuts
     D:2: 798 daAuts
     D:4: 428 daAuts
  Temple: 359 daAuts
